Map: [ESL] Goldenaura

Players

ByuN - Winner!

  • Race: Terran Terran
  • Spawn Location: 12:00

DRG

  • Race: Zerg Zerg
  • Spawn Location: 5:00

VOD

Have the link to the VOD?

Description

Time

  • Played on: Dec. 6, 2023, 6:03 a.m.
  • Length: 9:48
Show
View Real Time Build Order
Export as new Build Order

ByuN Terran - Winner!

Build Orders:  

Get SALT Encoding   

  12  0:00  SCV  
  13  0:12  SCV  
  14  0:18  Supply Depot  
  14  0:24  SCV  
  15  0:39  SCV  
  15  0:40  Barracks  
  16  0:43  Refinery  
  16  0:51  SCV  
  17  1:00  Barracks  
  18  1:04  SCV  
  18  1:16  SCV  
  19  1:20  Barracks  
  19  1:27  Reaper  
  20  1:37  Orbital Command  
  20  1:44  Refinery  
  20  1:47  Reaper  
  21  1:56  Supply Depot  
  21  2:03  SCV, Reaper  
  23  2:17  SCV, Reaper  
  23  2:18  Supply Depot  
  25  2:28  Reaper  
  25  2:29  SCV  
  27  2:42  SCV  
  28  2:46  Reaper  
  28  2:50  Reaper  
  30  2:55  Command Center  
  30  3:00  SCV  
  30  3:02  Reaper  
  32  3:12  SCV  
  33  3:16  Supply Depot  
  33  3:23  Barracks Tech Lab  
  33  3:24  SCV, Barracks Reactor  
  34  3:31  Engineering Bay  
  34  3:36  SCV  
  34  3:39  Barracks Reactor  
  35  3:41  Marine  
  35  3:44  Stimpack  
  36  3:48  SCV  
  36  3:55  Factory  
  37  3:59  Marine  
  37  4:01  SCV  
  39  4:05  Marine x2  
  41  4:12  Orbital Command  
  41  4:15  SCV  
  42  4:17  Marine x2  
  42  4:22  Terran Infantry Weapons Level 1  
  44  4:27  SCV  
  44  4:30  Marine  
  46  4:32  Marine  
  46  4:35  Marine  
  46  4:38  SCV  
  49  4:39  SCV  
  49  4:41  Marine x2  
  49  4:43  Starport  
  49  4:44  Factory Reactor  
  52  4:48  Supply Depot  
  52  4:50  SCV  
  52  4:51  SCV  
  54  4:58  Marine x2  
  54  4:59  Marine  
  59  5:03  SCV x2  
  59  5:10  Refinery  
  59  5:13  Supply Depot  
  59  5:15  SCV  
  59  5:16  SCV, Marine x4  
  59  5:17  Marine  
  66  5:27  SCV  
  66  5:28  SCV, Factory Tech Lab, Medivac  
  70  5:33  Supply Depot  
  70  5:34  Medivac  
  70  5:35  Supply Depot  
  72  5:37  Combat Shield  
  72  5:41  Marine x2  
  72  5:42  Marine x2  
  75  5:44  Marine  
  77  5:55  SCV x2, Siege Tank  
  82  6:02  Supply Depot  
  82  6:04  Supply Depot  
  82  6:05  Marine x2  
  82  6:06  Marine  
  82  6:07  Marine  
  82  6:11  Marine  
  87  6:25  Marine  
  87  6:26  Marine x3  
  87  6:27  Siege Tank  
  87  6:28  SCV, Marine  
  87  6:29  Refinery  
  96  6:39  Medivac x2  
  100  6:43  Marine  
  97  6:54  Marine x2  
  97  6:55  Marine x2  
  88  7:01  SCV x2, Marine  
  88  7:02  Barracks  
  88  7:03  Barracks  
  88  7:07  Siege Tank  
  94  7:11  Terran Infantry Armor Level 1  
  94  7:12  Marine x2  
  94  7:13  Marine x2  
  98  7:19  Marine  
  99  7:26  Medivac x2  
  103  7:30  Marine x2  
  103  7:34  Marine x2  
  103  7:37  Marine  
  108  7:48  Marine x2  
  108  7:50  Supply Depot x2  
  108  7:51  Supply Depot  
  110  7:58  Marine  
  110  7:59  Marine x3  
  110  8:01  Marine  
  97  8:06  Marine x2  
  98  8:15  Marine  
  98  8:17  Marine x3  
  98  8:18  Marine  
  101  8:23  Marine  
  101  8:24  Marine  
  103  8:33  Marine  
  104  8:34  Marine  
  104  8:35  Marine x2  
  104  8:36  Marine  
  108  8:41  Marine x2  
  107  8:51  Marine  
  107  8:52  Marine x3  
  107  8:54  Marine  
  106  8:59  Marine x2  
  108  9:05  Siege Tank  
  108  9:07  Medivac x2  
  108  9:09  Marine  
  116  9:10  Marine x3  
  116  9:12  Marine  
  119  9:17  Marine x2  
  111  9:27  Marine  
  111  9:28  Marine x3  
  111  9:30  Marine  
Show
View Real Time Build Order
Export as new Build Order

DRG Zerg 

Build Orders: Hatch First 

Get SALT Encoding   

  12  0:00  Drone  
  13  0:11  Overlord  
  13  0:16  Drone  
  14  0:30  Drone x2  
  16  0:47  Hatchery  
  15  0:50  Drone  
  15  0:54  Drone  
  17  0:58  Drone  
  18  1:08  Extractor  
  17  1:13  Spawning Pool  
  17  1:16  Drone  
  17  1:20  Drone  
  18  1:27  Drone  
  19  1:38  Drone  
  20  1:49  Drone  
  21  2:00  Zergling x4, Queen x2  
  27  2:10  Overlord  
  27  2:12  Drone  
  27  2:13  Metabolic Boost  
  28  2:29  Zergling x2  
  30  2:30  Zergling x2  
  30  2:35  Drone x2  
  32  2:38  Spore Crawler  
  32  2:39  Queen  
  32  2:43  Queen  
  35  2:49  Overlord  
  35  2:51  Overlord  
  36  3:03  Overlord  
  35  3:10  Zergling x2  
  36  3:13  Drone x2  
  36  3:16  Zergling x4  
  36  3:19  Drone  
  40  3:22  Drone x2  
  40  3:26  Queen  
  44  3:28  Drone  
  45  3:37  Zergling x4  
  47  3:42  Overlord  
  47  3:46  Hatchery  
  47  3:47  Drone  
  47  3:54  Zergling x2  
  48  3:59  Hatchery, Drone  
  48  4:00  Drone x4  
  48  4:02  Drone  
  54  4:07  Drone  
  55  4:12  Drone  
  55  4:14  Drone  
  57  4:18  Queen  
  57  4:19  Overlord  
  57  4:20  Queen  
  61  4:25  Overlord  
  61  4:32  Overlord  
  61  4:36  Overlord  
  61  4:37  Drone x2  
  63  4:40  Drone, Extractor  
  63  4:42  Drone, Baneling Nest  
  63  4:46  Drone x2  
  63  4:49  Drone x2  
  67  4:58  Queen  
  69  5:00  Drone x2  
  69  5:03  Extractor  
  70  5:08  Drone  
  70  5:10  Overlord  
  70  5:12  Drone  
  72  5:17  Queen  
  72  5:18  Drone x4  
  72  5:19  Drone x2  
  72  5:20  Overlord  
  80  5:23  Overlord  
  80  5:26  Drone  
  81  5:32  Zergling x2  
  81  5:33  Lair  
  81  5:35  Zergling x4  
  84  5:37  Baneling x6  
  84  5:42  Zergling x2  
  85  5:45  Zergling x4  
  85  5:48  Drone x2  
  89  5:51  Drone  
  89  5:56  Evolution Chamber  
  89  5:57  Evolution Chamber  
  89  5:58  Drone x4  
  89  6:01  Drone x2  
  94  6:05  Drone  
  94  6:10  Baneling x6, Overlord  
  94  6:12  Zergling x8  
  94  6:17  Zergling x6  
  101  6:23  Queen  
  101  6:25  Zerg Melee Weapons Level 1  
  103  6:28  Zerg Ground Armor Level 1  
  103  6:30  Hatchery  
  102  6:33  Centrifugal Hooks  
  102  6:35  Zergling x10  
  102  6:37  Baneling  
  102  6:38  Baneling x2  
  107  6:45  Overlord  
  107  6:46  Zergling x8  
  111  6:51  Zergling x10  
  110  6:57  Drone x3  
  110  7:00  Extractor x2  
  110  7:01  Drone  
  110  7:02  Drone  
  110  7:04  Drone  
  110  7:06  Baneling x4  
  110  7:08  Spore Crawler  
  112  7:10  Drone  
  112  7:14  Overlord  
  113  7:15  Hydralisk Den  
  113  7:16  Drone x4  
  116  7:24  Overlord  
  116  7:25  Zergling x4  
  118  7:30  Zergling x6  
  118  7:31  Queen x2  
  118  7:35  Zergling x8  
  118  7:36  Queen  
  126  7:45  Zergling x12  
  126  7:47  Grooved Spines  
  126  7:50  Overlord  
  130  7:51  Zergling x2  
  113  8:01  Zergling x8  
  113  8:02  Queen, Zergling x2  
  113  8:03  Zergling x4  
  113  8:04  Baneling x5  
  100  8:07  Hydralisk x4  
  108  8:15  Zergling x4  
  108  8:17  Zergling x6  
  109  8:21  Hydralisk x2  
  109  8:24  Zergling x2  
  112  8:29  Baneling x4  
  112  8:30  Baneling x3  
  112  8:31  Zergling x4  
  112  8:33  Queen  
  116  8:37  Zergling x4, Muscular Augments  
  118  8:42  Zergling x4  
  118  8:43  Zergling x2  
  118  8:45  Queen  
  118  8:46  Zergling x2  
  118  8:47  Zergling x4  
  120  8:49  Baneling x6  
  120  8:55  Zergling x6  
  107  8:56  Zergling x2  
  107  8:57  Queen  
  107  9:01  Zergling x2  
  107  9:04  Zergling x8  
  107  9:05  Baneling x3  
  107  9:08  Zergling x6  
  107  9:09  Queen  
  116  9:11  Zergling x2  
  116  9:15  Baneling x3  
  116  9:17  Zergling x2  
  100  9:24  Zergling x6  
Tags
 
Matchup
TvZ
Player
ByuNDRG
Replay Pack
December 2023
Spawn Locations
Cross Positions
Add a new tag
Caveats
  • Supply blocks, unpowered buildings, or Contaminate may cause inaccurate times.
  • Supply counts are checked every 10 seconds.